 Dungeon Crawl Stone Soup version 0.31.0-4-g52a2dc7128 (console) character file.

Game seed: 16395506730889010498

25 AlterAsc the Ruffian (level 3, 0/51 HPs)
             Began as an Octopode Shapeshifter on Jan 22, 2024.
             Slain by a goblin
             ... wielding a +0 dagger
             ... led by Robin
              (3 damage)
             ... on level 2 of the Dungeon.
             The game lasted 00:01:53 (677 turns).

AlterAsc the Ruffian (Octopode Shapeshifter)         Turns: 677, Time: 00:01:54

Health: 0/51       AC: 21    Str: 15    XL:     3   Next: 4%
Magic:  3/3        EV:  2    Int: 12    God:
Gold:   6          SH:  0    Dex: 11    Spells: 2/2 levels left

rFire   . .          .
                       - Unarmed
rCold   . . .        (no shield)
rNeg    . . .        (helmet currently unavailable)
rPois   +            (no amulet)
rElec   .            (no ring)
rCorr   .            (no ring)
SInv    .            (no ring)
Will    .....        (no ring) Stlth
                     (no ring)
HPRegen 0.28/turn    (no ring)
MPRegen 0.08/turn    (no ring)
                     (no ring)

%: no passive effects
@: berserking, tree-form, very quick
A: stationary, stasis, torment immunity, boosted hp, almost no armour,
(amphibious), 8 rings, (camouflage 1), (gelatinous body 1), (nimble swimmer 1),
(tentacles)
a: no special abilities


You were on level 2 of the Dungeon.
You were a tree.
You visited 1 branch of the dungeon, and saw 2 of its levels.

You collected 6 gold pieces.

Inventory:

Talismans
 b - a beast talisman
 c - a flux talisman
Scrolls
 d - 2 scrolls of identify {unknown}
 e - 2 scrolls of teleportation {unknown}
 f - a scroll of amnesia {unknown}


   Skills:
 - Level 1.0 Fighting
 - Level 2.0 Dodging
 + Level 4.0 Unarmed Combat
 - Level 3.0 Shapeshifting


You had 2 spell levels left.
You didn't know any spells.
Your spell library was empty.

Dungeon Overview and Level Annotations

Branches:
Dungeon (2/15)

Altars:

Annotations:
D:2 Robin


Innate Abilities, Weirdness & Mutations

You are a tree.
Your roots penetrate the ground, keeping you stationary.
You cannot be teleported.
You are immune to unholy pain and torment.
Your maximum health is greatly increased.
You cannot wear most types of armour.
((You are amphibious.))
You can wear up to eight rings at the same time.
((Your skin changes colour to match your surroundings (Stealth+).))
((Your rubbery body absorbs attacks. (AC +1, EV +1)))
((You are camouflaged when in or above water. (Stealth+)))
((You have tentacles for arms and can constrict up to eight enemies at once.))


Message History

A goblin comes into view. It is wielding a +0 club.
The goblin attacks as it pursues you! The goblin hits you with a +0 dagger.
Robin roars a battlecry!
The goblins go into a battle-frenzy!
The goblin attacks as it pursues you! The goblin barely misses you.
The goblin attacks as it pursues you! The goblin hits you with a +0 dagger.
The goblin hits you with a +0 dagger. The goblin attacks as it pursues you!
The goblin hits you with a +0 dagger.
* * * LOW HITPOINT WARNING * * *
Really quaff the potion of lignification?
Your transformation has ended.
You turn into a tree.
Your roots penetrate the ground.
The goblin hits you with a +0 dagger.
* * * LOW HITPOINT WARNING * * *
It was a potion of berserk rage.
A red film seems to cover your vision as you go berserk!
You feel yourself moving faster!
You feel mighty! The goblin hits you but does no damage.
Robin throws the goblin at you! The goblin hits you but does no damage.
You smack the goblin!
You kill the goblin!
The goblin hits you but does no damage.
Robin roars a battlecry!
The goblin hits you but does no damage.
You hear a shout!
Your Unarmed Combat skill increases to level 4!
You smack the hobgoblin!
You kill the hobgoblin!
You hear a shout!
The goblin hits you with a +0 club.
* * * LOW HITPOINT WARNING * * *
You have reached level 3!
Your experience leads to an increase in your attributes!
Increase (S)trength, (I)ntelligence, or (D)exterity?
You feel stronger. x2
You pummel the goblin!!
You kill the goblin!
Robin throws the goblin at you!
You smack the goblin!
You kill the goblin!
The goblin hits you but does no damage. The goblin hits you with a +0 dagger.
You die...

#.##..........
#.##........# #.....).....#
#.###.......#.. #.#
#<..#...#.# #..
#####.......#.# ... #
#....#.###)# #.#.#
#....#.#...# #.#.
#....#####.## #..
#..........g######+##.#
###.........♣ggg....#.## #
########..))g$g......##.#..
#....####.............
#.##.# #.g..#...#.### #.
#.####....#...# # #
......gg...#..#
...).......+..$.#
.......g....######
............# ####...####
#...


You could see Robin, a hobgoblin (strong) and 5 goblins.

Vanquished Creatures
  2 endoplasms (D:1)
  A giant cockroach (D:2)
  5 goblins
  4 hobgoblins
  3 kobolds
  5 ball pythons (D:1)
  2 frilled lizards (D:1)
  2 rats
24 creatures vanquished.

Notes
Turn   | Place    | Note
-------+----------+-------------------------------------------
     0 | D:1      | AlterAsc the Octopode Shapeshifter began the quest for the
                  | Orb.
     0 | D:1      | Reached XP level 1. HP: 13/13 MP: 1/1
   154 | D:1      | Reached XP level 2. HP: 18/18 MP: 2/2
   662 | D:2      | Noticed Robin
   675 | D:2      | Reached skill level 4 in Unarmed Combat
   675 | D:2      | HP: 2/40 [goblin/+0 club[Robin] (2)]
   676 | D:2      | Reached XP level 3. HP: 3/23 MP: 3/3
   677 | D:2      | Slain by a goblin

Illustrated notes

Levels and vault maps discovered:
D:1:      shiori_arrival_oz, layout_loops_ring
D:2:      layout_basic, uniq_robin

Skill      XL: |  1  2 |
---------------+-------+-----
Unarmed Combat | 4 |  4.0
Fighting       | |  1.0
Dodging        | |  2.0
Shapeshifting  | |  3.0

Action                     || total
---------------------------++-------
  Melee: Unarmed           ||    37
         Constrict         ||     9
         Tentacles         ||     3
         Punch             ||     1
    Use: Potion            ||     2
   Stab: Sleeping          ||    13
 Armour: Skin              ||    22
  Dodge: Dodged            ||    14
